Map: Triton LE

Players

Mez

  • Race: Terran Terran
  • League: Master
  • Spawn Location: 5:00

MAXSIMUS - Winner!

  • Race: Protoss Protoss
  • League: Master
  • Spawn Location: 11:00

VOD

Have the link to the VOD?

Description

Time

  • Played on: Sept. 3, 2019, 11:29 a.m.
  • Length: 22:57
Show
View Real Time Build Order
Export as new Build Order

Mez Terran 

Build Orders: Reaper Expand 

Get SALT Encoding   

  12  0:00  SCV  
  13  0:12  SCV  
  14  0:17  Supply Depot  
  14  0:25  SCV  
  15  0:39  SCV  
  15  0:40  Barracks  
  16  0:45  Refinery  
  16  0:51  SCV  
  17  1:03  SCV  
  18  1:15  SCV  
  19  1:28  Orbital Command  
  19  1:30  Reaper  
  20  1:42  Command Center  
  20  1:50  Bunker  
  20  1:55  SCV  
  21  2:02  Marine  
  21  2:05  Supply Depot  
  21  2:08  SCV  
  23  2:21  Barracks Reactor  
  23  2:27  SCV  
  23  2:43  Factory, Command Center  
  23  2:58  Marine x2  
  23  3:04  Bunker  
  25  3:16  Marine x2  
  24  3:29  Factory Tech Lab  
  24  3:30  SCV  
  24  3:32  Refinery  
  25  3:34  Marine  
  25  3:42  SCV  
  25  3:54  SCV  
  24  3:58  Marine x2  
  25  4:06  SCV  
  25  4:08  Cyclone  
  29  4:14  Barracks  
  29  4:17  Barracks  
  29  4:18  Orbital Command  
  29  4:22  Marine x2  
  30  4:25  SCV  
  29  4:36  Orbital Command  
  29  4:37  SCV  
  30  4:49  SCV  
  31  4:56  SCV  
  31  4:59  Starport  
  32  5:01  SCV  
  32  5:04  Factory Reactor  
  32  5:05  Barracks Tech Lab  
  32  5:06  Marine x2  
  32  5:07  SCV  
  36  5:08  SCV  
  36  5:13  Marine  
  38  5:16  Stimpack  
  38  5:23  Marine  
  38  5:26  SCV x2, Engineering Bay  
  38  5:28  SCV  
  42  5:35  Combat Shield  
  42  5:41  SCV x2  
  44  5:44  SCV  
  44  5:49  Marauder x2, Marine x2  
  51  5:53  SCV  
  52  5:58  Medivac x2, Refinery  
  52  5:59  Missile Turret  
  52  6:01  SCV x2  
  58  6:05  SCV  
  58  6:06  Supply Depot x2  
  58  6:10  Marine  
  60  6:13  SCV  
  60  6:18  Orbital Command  
  61  6:24  Terran Infantry Weapons Level 1  
  61  6:27  Marine  
  61  6:28  Marauder x2, Refinery, SCV x2  
  68  6:36  Marine  
  66  6:40  Barracks, SCV  
  66  6:42  Barracks  
  66  6:46  Supply Depot  
  67  6:48  Supply Depot, SCV x2  
  67  6:52  SCV  
  67  6:54  Marauder x2, Marine x2  
  74  6:55  Concussive Shells  
  74  7:00  SCV  
  77  7:05  Factory Reactor  
  77  7:08  Medivac x2, SCV x2  
  83  7:11  Supply Depot  
  83  7:12  SCV  
  83  7:13  Supply Depot  
  84  7:20  SCV x2  
  85  7:24  Marauder x2, SCV, Marine  
  88  7:32  SCV x2  
  90  7:40  Marine  
  90  7:42  Barracks Tech Lab, Barracks Reactor  
  91  7:45  Widow Mine, Marauder x2  
  88  8:07  Marauder x2  
  88  8:10  Marauder, Marine x2  
  88  8:11  Widow Mine x2  
  70  8:12  Medivac x2  
  98  8:16  SCV x2  
  98  8:18  Terran Infantry Armor Level 1, SCV  
  105  8:27  Supply Depot  
  105  8:28  Supply Depot, Marauder x2  
  105  8:29  Missile Turret  
  109  8:34  Missile Turret  
  109  8:38  Missile Turret  
  109  8:41  Supply Depot  
  109  8:48  SCV x3, Marine  
  109  8:49  Widow Mine, Marauder, Marine  
  109  8:53  Supply Depot  
  118  8:56  Supply Depot  
  118  8:57  Supply Depot, Medivac x2  
  118  9:01  SCV x2  
  124  9:04  Marine x3  
  124  9:05  Marine  
  124  9:06  Marine  
  124  9:08  Ghost Academy  
  129  9:11  SCV  
  129  9:13  SCV x2  
  132  9:18  Supply Depot  
  132  9:21  Marauder, Marine  
  132  9:23  Marauder  
  137  9:45  Marauder x3, Marine x3  
  141  9:46  Marine  
  145  9:54  Viking  
  145  9:55  Viking  
  149  10:03  Marine x2  
  128  10:24  Viking  
  128  10:25  Viking  
  128  10:26  Refinery x2, Command Center  
  130  10:30  Barracks  
  130  10:31  Starport, Barracks  
  130  10:32  Starport  
  130  10:34  Barracks  
  112  10:53  SCV x3  
  114  11:01  Marine  
  114  11:02  Marauder x3, Marine x3  
  124  11:08  Barracks  
  120  11:17  Viking  
  120  11:18  Viking  
  124  11:19  Starport Tech Lab, Marine x2, Starport Reactor  
  124  11:22  Armory  
  124  11:24  Engineering Bay  
  126  11:28  Barracks Tech Lab  
  126  11:29  Barracks Tech Lab x2  
  126  11:34  Ghost x3  
  126  11:39  Liberator  
  132  11:53  Ghost x2  
  134  11:54  Marauder, Marine x3  
  134  11:55  Viking x4  
  152  12:02  Fusion Core  
  152  12:03  Marauder  
  154  12:13  SCV  
  154  12:14  SCV x2  
  157  12:18  Enhanced Shockwaves  
  157  12:20  Marauder, Marine x2  
  157  12:21  Marauder x2  
  165  12:37  Terran Infantry Armor Level 2, Terran Infantry Weapons Level 2  
  165  12:38  Terran Ship Weapons Level 1, Marine  
  166  12:44  Refinery x2  
  166  12:50  Liberator x4  
  166  12:53  Command Center  
  164  13:02  SCV x3  
  175  13:14  SCV  
  149  13:32  Marauder x6, Marine x4  
  143  13:39  Liberator x3  
  143  13:40  Liberator  
  137  13:47  SCV x3  
  120  13:50  Marine  
  120  13:53  Marauder  
  107  13:59  SCV  
  120  14:09  Planetary Fortress, Orbital Command  
  120  14:18  Marine x9  
  120  14:23  Medivac  
  131  14:32  Ghost  
  131  14:36  Ghost  
  132  14:39  Medivac x2  
  132  14:43  Viking x2  
  137  14:52  Marauder x3, Marine x3  
  143  14:53  Marauder, Viking, Marine  
  143  14:58  Widow Mine x2  
  152  15:01  Marauder  
  154  15:14  Terran Infantry Weapons Level 3, Terran Infantry Armor Level 3  
  154  15:15  Marine x9  
  154  15:20  Viking  
  154  15:21  Viking  
  167  15:27  Ghost  
  163  15:41  Advanced Ballistics  
  161  15:47  Viking x3  
  161  15:48  Marauder x2, Marine  
  170  16:00  Viking x2  
  174  16:04  Bunker  
  174  16:08  Command Center  
  174  16:09  Widow Mine x2  
  178  16:12  Command Center  
  178  16:17  Viking  
  180  16:22  Sensor Tower  
  180  16:25  Sensor Tower  
  180  16:33  Ghost x3  
  180  16:37  Supply Depot  
  180  16:38  Supply Depot  
  184  16:54  Marine  
  184  16:55  Marauder  
  184  16:56  Liberator x4  
  184  16:58  Marauder x2  
  122  17:09  Marauder, Marine  
  122  17:14  Liberator  
  125  17:17  Marauder x2, Marine  
  125  17:21  SCV x2  
  122  17:46  Marauder x2  
  122  18:15  Ghost x2, Marine  
  122  18:16  Marauder x3, Marine x2  
  135  18:27  Planetary Fortress  
  135  18:38  Missile Turret  
  135  18:52  Missile Turret  
  135  18:53  Missile Turret  
  128  19:11  Refinery x2  
  128  19:12  SCV x6  
  133  19:24  Missile Turret, SCV x2  
  132  19:28  Ghost x2  
  132  19:29  Marauder  
  132  19:30  Marauder x3  
  145  19:44  Liberator  
  145  19:45  Liberator  
  144  19:51  Marauder, Sensor Tower  
  146  19:54  Missile Turret  
  146  19:56  Missile Turret  
  146  19:57  Marauder x2, Marine x2  
  153  20:17  Missile Turret  
  144  20:26  Orbital Command  
  144  20:38  Marauder, Marine  
  144  20:39  Marauder x3  
  153  21:00  Liberator x4  
  128  21:30  Marine  
Show
View Real Time Build Order
Export as new Build Order

MAXSIMUS Protoss - Winner!

Build Orders:  

Get SALT Encoding   

  1  0:00  Probe  
  12  0:05  Probe  
  14  0:16  Pylon  
  14  0:21  Probe  
  15  0:34  Probe  
  16  0:37  Gateway  
  16  0:43  Assimilator  
  16  0:47  Probe  
  17  0:55  Pylon  
  17  0:59  Probe  
  18  1:11  Probe  
  19  1:13  Gateway  
  19  1:23  Probe  
  20  1:25  Cybernetics Core  
  20  1:30  Assimilator  
  20  1:35  Probe  
  21  1:45  Pylon  
  21  1:47  Probe  
  21  1:51  Stalker  
  21  1:53  Stalker  
  26  2:20  Probe  
  26  2:21  Stalker x2  
  29  2:27  Warp Gate  
  31  2:33  Probe  
  32  2:45  Probe  
  33  2:51  Stalker  
  35  3:04  Stalker  
  35  3:05  Probe  
  38  3:21  Pylon  
  38  3:22  Stalker  
  38  3:33  Probe  
  39  3:36  Stalker  
  39  3:45  Probe  
  36  4:01  Probe  
  37  4:13  Probe  
  37  4:14  Nexus  
  32  4:33  Stalker x2  
  32  4:35  Probe  
  37  4:48  Probe  
  36  5:00  Stargate, Probe  
  36  5:02  Pylon  
  36  5:03  Stalker x2  
  41  5:12  Probe  
  42  5:19  Pylon  
  42  5:20  Probe  
  42  5:23  Twilight Council, Probe  
  44  5:28  Probe  
  44  5:31  Probe  
  46  5:37  Phoenix  
  46  5:38  Probe  
  46  5:41  Probe  
  47  5:43  Gateway  
  47  5:48  Robotics Facility  
  50  5:50  Probe  
  50  5:52  Assimilator  
  50  5:53  Probe  
  50  5:54  Assimilator  
  52  5:58  Phoenix  
  52  6:00  Pylon, Charge  
  52  6:02  Probe  
  55  6:05  Probe  
  56  6:14  Probe  
  56  6:17  Probe  
  58  6:24  Gateway  
  58  6:29  Probe x2  
  58  6:31  Zealot  
  58  6:32  Pylon  
  62  6:37  Observer  
  62  6:38  Pylon  
  63  6:40  Gateway  
  63  6:46  Nexus  
  63  6:47  Pylon  
  63  6:56  Phoenix  
  63  6:57  Robotics Bay  
  63  6:58  Probe x2  
  67  7:10  Probe x2  
  67  7:14  Zealot x2  
  74  7:22  Probe  
  74  7:23  Probe  
  74  7:28  Zealot  
  75  7:34  Colossus  
  75  7:35  Probe  
  72  7:37  Zealot x3  
  76  7:49  Zealot  
  83  7:58  Zealot x3  
  85  8:03  Probe x2  
  83  8:15  Probe x2  
  83  8:17  Zealot  
  83  8:18  Zealot x3  
  91  8:20  Nexus  
  91  8:21  Pylon  
  91  8:25  Templar Archives  
  91  8:27  Probe  
  92  8:35  Colossus  
  92  8:39  Extended Thermal Lance  
  98  8:42  Pylon  
  98  8:56  Forge  
  98  9:00  Forge  
  99  9:02  Probe  
  99  9:03  Zealot x2, Probe  
  104  9:15  Probe x2  
  106  9:22  Colossus  
  106  9:23  Gateway  
  106  9:26  Gateway  
  106  9:27  Probe x2  
  108  9:36  High Templar x2  
  108  9:37  High Templar  
  120  9:39  High Templar  
  120  9:41  Archon  
  120  9:45  Archon  
  122  9:48  Assimilator  
  122  9:50  Assimilator  
  122  9:54  Pylon  
  122  9:55  Photon Cannon  
  122  9:58  Photon Cannon, Robotics Facility  
  112  10:11  Zealot x4  
  106  10:21  Zealot  
  102  10:27  Zealot  
  99  10:32  Zealot x3  
  99  10:33  Zealot  
  95  10:51  Probe x3  
  95  10:52  Protoss Ground Armor Level 1, Protoss Ground Weapons Level 1  
  98  10:58  Zealot x5  
  98  10:59  Zealot  
  98  11:03  Probe x3  
  113  11:05  Colossus  
  113  11:06  Gateway  
  113  11:09  Gateway  
  101  11:12  Pylon  
  101  11:14  Gateway  
  107  11:22  High Templar x4  
  107  11:23  High Templar  
  107  11:24  High Templar  
  119  11:26  Archon  
  119  11:27  Archon  
  119  11:28  Archon  
  119  11:39  Immortal  
  123  11:58  Photon Cannon  
  123  12:00  Zealot x2  
  123  12:01  Photon Cannon, Zealot x3  
  129  12:02  Zealot  
  129  12:05  Photon Cannon  
  129  12:07  Zealot  
  129  12:08  Zealot  
  139  12:26  Probe x2  
  141  12:31  Nexus  
  141  12:35  Pylon  
  141  12:37  Pylon  
  141  12:41  Fleet Beacon  
  141  12:45  Photon Cannon  
  141  12:59  High Templar  
  141  13:00  High Templar x6  
  141  13:03  Archon  
  141  13:04  Archon x2  
  153  13:07  High Templar  
  153  13:17  Archon  
  120  13:29  Zealot  
  120  13:33  Zealot x5  
  120  13:34  Zealot x2  
  116  13:38  Colossus  
  111  13:43  Probe  
  111  13:44  Probe x2  
  111  13:48  Colossus, Protoss Ground Weapons Level 2  
  110  13:53  Zealot x4, Tempest  
  124  13:55  Probe  
  130  14:12  Pylon  
  130  14:16  Pylon, Assimilator  
  130  14:18  High Templar, Assimilator  
  130  14:20  High Templar  
  130  14:22  Zealot x2  
  138  14:24  Archon  
  138  14:31  Colossus  
  136  14:48  Stalker  
  136  14:50  Stalker  
  140  14:55  Protoss Ground Armor Level 2, High Templar x3  
  140  14:56  Zealot x3  
  152  15:02  Pylon  
  152  15:05  Zealot  
  152  15:06  Photon Cannon  
  154  15:07  Photon Cannon  
  154  15:09  Photon Cannon  
  154  15:10  Shield Battery  
  154  15:12  Shield Battery  
  154  15:18  Zealot x4  
  154  15:19  Zealot  
  164  15:48  Nexus  
  164  15:49  Pylon  
  162  15:50  Dark Shrine  
  162  15:52  Photon Cannon  
  162  15:53  Probe x3  
  162  15:54  Tempest  
  165  15:57  Immortal, High Templar x5  
  165  15:58  High Templar  
  165  16:01  Archon x2  
  165  16:02  Archon  
  184  16:15  Photon Cannon  
  184  16:17  Photon Cannon  
  184  16:20  Photon Cannon  
  184  16:21  Shield Battery  
  184  16:22  Pylon  
  184  16:26  Zealot x2  
  188  16:35  Archon  
  186  16:47  Pylon  
  186  16:51  Pylon  
  186  16:53  Zealot x6  
  186  16:54  Zealot x2  
  139  17:13  Stalker x4  
  139  17:14  Zealot x2, Stalker  
  139  17:15  Zealot x2  
  147  17:22  Immortal x2  
  155  17:33  Assimilator  
  155  17:34  Protoss Ground Weapons Level 3  
  155  17:35  Assimilator  
  153  17:40  Photon Cannon  
  153  17:42  Photon Cannon  
  153  17:44  Photon Cannon, High Templar  
  153  17:45  Shield Battery, High Templar x6  
  153  17:46  High Templar  
  153  17:50  Photon Cannon  
  169  17:54  Archon x4  
  167  18:15  Gateway  
  167  18:17  Dark Templar x2  
  167  18:18  Photon Cannon  
  171  18:27  Dark Templar x2  
  156  19:04  Dark Templar x3  
  156  19:08  Zealot x2  
  156  19:09  Zealot x4  
  172  19:16  Colossus x2  
  182  19:33  Photon Cannon  
  182  19:34  Pylon  
  182  19:35  Shield Battery  
  182  19:37  Shield Battery  
  182  19:39  Pylon  
  182  19:44  Nexus  
  176  19:48  Pylon  
  176  19:50  Pylon  
  176  19:52  Pylon  
  176  19:56  Assimilator  
  176  19:58  Protoss Air Weapons Level 1  
  176  19:59  Dark Templar x2  
  180  20:01  Assimilator  
  180  20:10  Colossus  
  180  20:11  Observer  
  183  20:32  Observer  
  183  20:33  Protoss Shields Level 1, Adept x4  
  190  20:43  Pylon  
  190  20:47  Pylon  
  190  20:53  Stargate  
  190  20:56  Stargate  
  190  20:57  Zealot  
  190  20:58  Zealot x4  
  193  21:22  Dark Templar x3  
  193  21:23  Dark Templar x3  
  181  21:50  Forge  
  181  21:52  Cybernetics Core  
  181  21:53  Dark Templar  
  179  22:01  Dark Shrine, Dark Templar x3  
  179  22:18  Dark Templar x3  
  175  22:57  Pylon  
Tags
 
Add a new tag
Caveats
  • Supply blocks, unpowered buildings, or Contaminate may cause inaccurate times.
  • Supply counts are checked every 10 seconds.